 Dungeon Crawl Stone Soup version 0.24-a0-784-g601f8f6d22 (webtiles) character file.

Game seed: 8620655781707206782, levelgen mode: deterministic

409 Masnef the Poker (level 6, 0/48 HPs)
             Began as an Octopode Chaos Knight on Oct 6, 2019.
             Was a Plaything of Xom.
             Slain by an orc warrior
             ... wielding a +0 dire flail
              (4 damage)
             ... on level 4 of the Dungeon on Oct 9, 2019.
             The game lasted 00:09:22 (2782 turns).

Masnef the Poker (Octopode Chaos Knight)            Turns: 2782, Time: 00:09:23

Health: 0/48       AC:  1    Str: 11    XL:     6   Next: 89%
Magic:  6/6        EV: 15    Int: 14    God:    Xom [....*.]
Gold:   256        SH:  0    Dex: 16    Spells: 5/5 levels left

rFire    + . .     SeeInvis .   r - +1 trident
rCold    . . .     Gourm    .   (no shield)
rNeg     + . .     Faith    .   (helmet restricted)
rPois    .         Spirit   .   j - amulet of regeneration
rElec    .         Reflect  .   g - ring of positive energy
rCorr    .         Harm     .   (no ring)
MR       .....                  (no ring)
Stlth    ++++......             (no ring)
HPRegen  0.56/turn              (no ring)
MPRegen  0.10/turn              (no ring)
                                (no ring)
                                (no ring)

@: slowed, very slow
A: almost no armour, stealthy swim, amphibious, 8 rings, constrict 8, camouflage
1, agile 1, fire resistance 1, robust 1, gelatinous body 1
a: Renounce Religion


You were on level 4 of the Dungeon.
You worshipped Xom.
You were a beloved toy of Xom.
You were very hungry.

You visited 1 branch of the dungeon, and saw 4 of its levels.

You collected 295 gold pieces.
You spent 39 gold pieces at shops.

Inventory:

Hand Weapons
 a - a +0 spear of chaos
 r - a +1 trident (weapon)
Missiles
 m - 77 arrows
Jewellery
 g - a ring of positive energy (left tentacle)
 j - an amulet of regeneration (around mantle)
Wands
 w - a wand of digging (5)
Scrolls
 e - 3 scrolls of identify
 h - a scroll of random uselessness {unknown}
 k - a scroll of amnesia
 l - a scroll of blinking {unknown}
 o - a scroll of fog {unknown}
 p - 2 scrolls of remove curse
 u - a scroll of enchant weapon
 v - a scroll of teleportation
 x - a scroll of enchant armour {unknown}
Potions
 c - 2 potions of lignification {unknown}
 d - 2 potions of haste {unknown}
 f - a potion of magic {unknown}
 i - a potion of resistance
 n - 2 potions of might {unknown}
 q - a potion of curing
 s - a potion of brilliance {unknown}
 t - 4 potions of degeneration
Comestibles
 b - 10 rations


   Skills:
 * Level 4.4 Fighting
 - Level 5.0 Polearms
 * Level 3.6 Dodging
 + Level 4.7 Stealth


You had 5 spell levels left.
You didn't know any spells.
Your spell library was empty.

Dungeon Overview and Level Annotations

Branches:
Dungeon (4/15)
 Temple: D:4-7

Altars:
Dithmenos
Okawaru
The Shining One

Shops:
D:4 (*


Innate Abilities, Weirdness & Mutations

You cannot wear most types of armour.
You are very stealthy in the water. (Stealth+)
You are amphibious.
You can wear up to eight rings at the same time.
You can use your tentacles to constrict eight enemies at once.
Your skin changes colour to match your surroundings (Stealth+).
Your rubbery body absorbs attacks. (AC +1, EV +1)
You are agile. (Dex +2)
Your flesh is heat resistant. (rF+)
You are robust. (+10% HP)


Message History

It was a potion of curing.
You feel better. "Serve the mortal, my children!"
The orc barely misses your iron imp.
The orc warrior hits you with a +0 dire flail!
* * * LOW HITPOINT WARNING * * *
The orc closely misses you.
The orc wizard hits you with a +0 dagger.
* * * LOW HITPOINT WARNING * * *
The orc wizard hits your iron imp but does no damage.
Your iron imp misses the orc wizard.
The orc warrior closely misses you. The orc closely misses your iron imp.
You swap places.
The orc hits your white imp.
The orc wizard hits your iron imp but does no damage.
The orc wizard closely misses you.
Your iron imp hits the orc wizard!
Your white imp gestures at the orc wizard.
The puff of frost hits the orc wizard!
The orc wizard dies!
The orc warrior hits you with a +0 dire flail.
You die... "Huh?
Did I miss anything?"

##..## ##.....
##..## #.....
##..## ##...#
##..## #....#
##...# ##.....
##....# #......
#.?...##
#.[.##..
#...55.### #..##
##.
###5)@5..###...#
## ###5o5......#
##ooo....#
#......##
.?.....#
.......#
###.....# ###..#
#.


You could see an orc warrior, an orc wizard, 2 orcs, 2 friendly iron imps, 3
friendly white imps and a friendly shadow imp.

Vanquished Creatures
  A howler monkey (D:4)
  An orc wizard (D:4)
  An iguana (D:4)
  Natasha (thrice) (D:2)
  3 worker ants (D:4)
  7 adders
  4 worms
  5 dart slugs
  3 leopard geckos
  2 orcs (D:4)
  3 giant cockroaches (D:1)
  7 goblins
  8 hobgoblins
  8 kobolds
  2 quokkas
  7 bats
  3 frilled lizards
  8 rats
76 creatures vanquished.

Vanquished Creatures (collateral kills)
  An orc wizard (D:4)
  An orc (D:4)
2 creatures vanquished.

Grand Total: 78 creatures vanquished

Notes
Turn   | Place    | Note
-------+----------+-------------------------------------------
     0 | D:1      | Masnef the Octopode Chaos Knight began the quest for the
                  | Orb.
     0 | D:1      | Reached XP level 1. HP: 16/16 MP: 1/1
    95 | D:1      | Upgraded the game from 0.24-a0-769-g368c1644f8 to
                  | 0.24-a0-784-g601f8f6d22
    95 | D:1      | XOM: potion effect (curing)
    97 | D:1      | Reached XP level 2. HP: 21/21 MP: 2/2
   141 | D:1      | XOM: divination: detect creatures
   245 | D:1      | Reached XP level 3. HP: 16/26 MP: 3/3
   255 | D:1      | Reached skill level 4 in Polearms
   898 | D:2      | Reached XP level 4. HP: 22/31 MP: 4/4
   939 | D:2      | XOM: give mutations
   939 | D:2      | Gained mutation: You are agile. (Dex +2) [Xom's grace]
   939 | D:2      | Gained mutation: You are robust. (+10% HP) [Xom's grace]
   939 | D:2      | Gained mutation: Your flesh is heat resistant. (rF+) [Xom's
                  | grace]
  1096 | D:2      | XOM: draining
  1159 | D:2      | Noticed Natasha
  1168 | D:2      | Killed Natasha
  1168 | D:2      | Reached skill level 1 in Stealth
  1260 | D:2      | Noticed Natasha
  1268 | D:2      | Killed Natasha
  1268 | D:2      | Reached XP level 5. HP: 33/40 MP: 5/5
  1338 | D:2      | XOM is BORED!
  1338 | D:2      | XOM: mild Ice miscast
  1538 | D:2      | Noticed Natasha
  1549 | D:2      | Killed Natasha
  1632 | D:2      | Found a glowing golden altar of the Shining One.
  1793 | D:3      | XOM: divination: detect items
  1801 | D:3      | XOM: noise
  1810 | D:3      | Found a shadowy altar of Dithmenos.
  1830 | D:3      | Found an iron altar of Okawaru.
  1855 | D:3      | XOM: 1-stop teleportation journey
  2222 | D:4      | Found Arihop's General Store.
  2242 | D:4      | Bought a scroll of teleportation for 39 gold pieces
  2261 | D:4      | Found Ylunt's Antique Weapon Emporium.
  2279 | D:4      | Reached XP level 6. HP: 33/47 MP: 6/6
  2614 | D:4      | Reached skill level 5 in Polearms
  2767 | D:4      | XOM: summons 2 friendly demons
  2770 | D:4      | Noticed an orc warrior
  2781 | D:4      | XOM: summons 5 friendly demons
  2782 | D:4      | Slain by an orc warrior

Levels and vault maps discovered:
D:1:      mrwooster_arrival_statue, layout_loops_ring, minmay_circled_x
D:2:      layout_basic, lemuel_round_altar, first_ration, uniq_natasha
D:3:      layout_basic, grunt_dithmenos_smoke_and_mirrors, okawaru_trees_2
D:4:      layout_layer_cave, grunt_gozag_breadcrumbs, serial_shops, shop, shop,
          minmay_misc_feat_encased

Skill      XL: |  1  2  3  4  5  6 |
---------------+-------------------+-----
Polearms       | 4 5 |  5.0
Stealth        | 2 3 4 |  4.7
Dodging        | 3 |  3.6
Fighting       | 4 |  4.4

Action                   |  1- 3 |  4- 6 || total
-------------------------+-------+-------++-------
Melee: Spear             |    82 |    33 ||   115
       Constrict         |    13 |    19 ||    32
       Tentacles         |    10 |    15 ||    25
       Trident           |       |    86 ||    86
  Use: Scroll            |       |     5 ||     5
       Potion            |       |     1 ||     1
 Stab: Sleeping          |     4 |    14 ||    18
       Paralysed         |     1 |       ||     1
       Distracted        |       |     2 ||     2
  Eat: Chunk             |       |     5 ||     5
Armor: Skin              |     2 |     4 ||     6
Dodge: Dodged            |    31 |    50 ||    81

Table legend:
 A = Non-vault XP
 B = Vault XP
 C = Vault XP percentage of total XP
 D = Non-vault monster count
 E = Vault monster count
 F = Vault count percentage of total count
                 A         B        C        D         E       F
            +---------+---------+-------+---------+---------+-------
      Total |     545 |      40 |   6.8 |      73 |       5 |   6.4
            +---------+---------+-------+---------+---------+-------
        D:1 |      57 |       5 |   8.1 |      28 |       4 |  12.5
        D:2 |     131 |      35 |  21.1 |      21 |       1 |   4.5
        D:3 |      64 |       0 |   0.0 |      10 |       0 |   0.0
        D:4 |     293 |       0 |   0.0 |      14 |       0 |   0.0
            +---------+---------+-------+---------+---------+-------
